 Dungeon Crawl Stone Soup version 0.30.1-4-g462c640d31 (webtiles) character file.

Game seed: 14550423422997414406

19852 jtron the Severer (level 12, -4/113 HPs)
             Began as a Hill Orc Fighter on Aug 11, 2023.
             Was a Priest of Beogh.
             Slain by a sun demon (17 damage)
             ... summoned by an orc sorcerer
             ... led by an orc warlord
             ... on level 1 of the Orcish Mines.
             The game lasted 00:44:31 (14406 turns).

jtron the Severer (Hill Orc Fighter)               Turns: 14406, Time: 00:44:32

Health: -4/113     AC: 14    Str: 26    XL:     12   Next: 73%
Magic:  15/15      EV:  7    Int: 16    God:    Beogh [***...]
Gold:   678        SH:  0    Dex: 12    Spells: 11/11 levels left

rFire   . . .        R - +4 war axe
rCold   . . .        c - +0 buckler
rNeg    . . .        f - +1 steam dragon scales
rPois   .            A - +1 helmet
rElec   .            (no cloak)
rCorr   +            m - +1 pair of gloves
SInv    +            L - +1 pair of boots
Will    .....        i - amulet "Wuusakhlit" {Reflect Int+2 SH+5}
Stlth   +            E - +6 ring of intelligence
HPRegen 0.38/turn    B - ring of Sog Kiggixta {rCorr Str+4 Slay+5 SInv Stlth-}
MPRegen 0.14/turn

%: reflection
@: brilliant, held
A: no striking features
a: Renounce Religion, Smiting


You were on level 1 of the Orcish Mines.
You worshipped Beogh.
Beogh was most pleased with you.
You visited 3 branches of the dungeon, and saw 15 of its levels.
You also visited: Bailey.

You collected 733 gold pieces.
You spent 55 gold pieces at shops.

Inventory:

Hand Weapons
 a - a +3 battleaxe
 b - a +0 arbalest
 l - a +0 sling
 G - a +0 war axe
 N - a +0 quarterstaff
 R - a +4 war axe (weapon)
Missiles
 o - 5 javelins (quivered)
 v - 7 curare-tipped darts
Armour
 c - a +0 buckler (worn)
 f - +1 steam dragon scales (worn)
 m - a +1 pair of gloves (worn)
 A - a +1 helmet (worn)
 L - a +1 pair of boots (worn)
Magical Staves
 y - a staff of conjuration
Jewellery
 i - the amulet "Wuusakhlit" (around neck) {Reflect Int+2 SH+5}
   (You acquired it on level 12 of the Dungeon)

   [amulet of reflection]

   It reflects blocked missile attacks.
   Int:       It affects your intelligence (+2).
   SH:        It affects your SH (+5).
 k - a ring of resist corrosion
 r - an amulet of guardian spirit
 B - the ring of Sog Kiggixta (right hand) {rCorr Str+4 Slay+5 SInv Stlth-}
   (You found it on level 5 of the Dungeon)

   [ring of see invisible]

   Str:       It affects your strength (+4).
   Slay:      It affects your accuracy & damage with ranged weapons and melee
   (+5).
   SInv:      It lets you see invisible.
   rCorr:     It protects you from acid and corrosion.
   Stlth:     It makes you less stealthy.
 E - a +6 ring of intelligence (left hand)
 P - a ring of positive energy
Wands
 d - a wand of mindburst (1)
 g - a wand of flame (14)
 w - a wand of digging (3)
 D - a wand of acid (5)
 K - a wand of iceblast (2)
Scrolls
 e - 3 scrolls of noise
 h - a scroll of teleportation
 j - 7 scrolls of vulnerability
 n - a scroll of amnesia
 s - a scroll of torment {unknown}
 z - 2 scrolls of poison
 I - 7 scrolls of immolation
 J - a scroll of magic mapping
 Q - a scroll of blinking
Potions
 p - 3 potions of ambrosia {unknown}
 q - a potion of flight {unknown}
 t - 2 potions of mutation
 u - 2 potions of lignification
 C - a potion of resistance
 F - a potion of curing
 H - a potion of cancellation {unknown}
 M - 2 potions of haste {unknown}
 O - a potion of invisibility {unknown}


   Skills:
 + Level 12.8 Fighting
 + Level 16.1 Axes
 + Level 1.0 Ranged Weapons
 + Level 4.5 Throwing
 + Level 7.5 Armour
 + Level 5.0 Dodging
 + Level 2.6 Stealth
 + Level 7.4 Shields
 + Level 4.0 Invocations
 + Level 2.8 Evocations


You had 11 spell levels left.
You didn't know any spells.
Your spell library contained the following spells:

 Spells                   Type           Power      Damage    Failure   Level
 Apportation              Tloc           0%         N/A       28%         1
 Necrotise                Necr           0%         1d4       28%         1
 Sandblast                Erth           0%         2d4       28%         1
 Shock                    Conj/Air       0%         1d3       28%         1
 Summon Small Mammal      Summ           0%         N/A       28%         1
 Passwall                 Tmut/Erth      0%         N/A       41%         2
 Static Discharge         Conj/Air       0%         2-2/arc   41%         2
 Sublimation of Blood     Necr           0%         N/A       41%         2
 Stone Arrow              Conj/Erth      0%         3d7       65%         3
 Summon Guardian Golem    Hex/Summ       0%         N/A       65%         3
 Vhi's Electric Charge    Tloc/Air       0%         N/A       65%         3
 Passage of Golubria      Tloc           0%         N/A       96%         4
 Petrify                  Tmut/Erth      0%         N/A       96%         4
 Arcjolt                  Conj/Air       0%         1d10      100%        5
 Fireball                 Conj/Fire      0%         3d3       100%        5
 Irradiate                Conj/Tmut      0%         3d11      100%        5
 Iskenderun's Battlesphe  Conj           0%         2d6       100%        5
 Silence                  Hex/Air        0%         N/A       100%        5
 Conjure Ball Lightning   Conj/Air       0%         3x3d6     100%        6
 Simulacrum               Ice/Necr       0%         N/A       100%        6
 Orb of Destruction       Conj           0%         9d5       100%        7
 Spellforged Servitor     Conj/Summ      0%         N/A       100%        7
 Borgnjor's Revivificati  Necr           0%         N/A       100%        8
 Lehudib's Crystal Spear  Conj/Erth      0%         10d2      100%        8
 Maxwell's Capacitive Co  Air            0%         ∞         100%        8
 Necromutation            Tmut/Necr      0%         N/A       100%        8
 Death's Door             Necr           0%         N/A       100%        9


Dungeon Overview and Level Annotations

Branches:
Dungeon (13/15)            Temple (1/1) D:7            Lair (0/5) D:8
    Orc (1/2) D:10         Bailey (visited)
 Vaults: D:13-14

Altars:
Ashenzari
Cheibriados
Dithmenos
Elyvilon
Fedhas
Gozag
Hepliaklqana
Kikubaaqudgha
Makhleb
Nemelex Xobeh
Okawaru
Qazlal
Ru
Sif Muna
Trog
Uskayaw
Vehumet
Wu Jian
Xom
Yredelemnul
Zin
The Shining One
Beogh

Shops:
D:2 *:!   D:4 *   D:6 =[

Annotations:
D:10 1 runed translucent door, sheffield53's ghost, journeyman SpHu
Orc:1 Harold


Message History

The orc wizard points at you and mumbles some strange words.
The puff of flame hits Wargath.
The orc hits your orc with a +0 dagger.
Your orc dies!
The sun demon hits you!
You are engulfed in flames!!
You slice the orc sorcerer!!
The orc sorcerer is severely wounded.
You slash the sun demon!
Wargath hits Harold with a +0 war axe.
Wargath hits the orc sorcerer with a +0 war axe.
Wargath closely misses the sun demon.
The orc wizard casts a spell.
The orc wizard flickers and vanishes for a moment.
You block the orc sorcerer's attack. You block the orc warrior's attack.
The orc warrior sneers, "I wonder, will Beogh raise you from the dead?"
You hear a shout!
You hit the sun demon but do no damage.
The sun demon is moderately wounded.
You hit the orc wizard. You miss the orc sorcerer.
You block the sun demon's attack.
You slice the sun demon!!
The sun demon is heavily wounded.
You slash the orc wizard!
You kill the orc wizard!
Beogh accepts your kill.
You miss the orc sorcerer.
Harold throws a throwing net.
The throwing net misses Wargath.
The throwing net hits you.
You become entangled in the net!
Wargath hits the sun demon with a +0 war axe!
Wargath hits Harold with a +0 war axe!
Wargath hits the orc sorcerer with a +0 war axe.
The orc sorcerer points at you and mumbles some strange words.
The bolt of fire hits you!
The orc warrior hits you but does no damage.
The sun demon hits you!!
You are engulfed in flames!
Your orc priest hits the orc sorcerer but does no damage.
You hear a shout!
You feel clever all of a sudden. The sun demon hits you!!
* * * LOW HITPOINT WARNING * * *
You are engulfed in flames!
You die...

#. .......## ######.
........#. ### ##..##..
.. ....... #.##
#....##.#.##....... ...#
##....##)##.#...$.. #.##
##.o##..o.........
...####....#............
...#.##.....#.##)##..)..
..#...........#o@oo# .#
...#.##........#o3@....#
..............##o.oo...#
..)..........####.o.)...
............... #.....$
................ #.#...
...............# #....
..)............ ..#.
.#........


You could see an orc warlord, Harold, a sun demon (summoned, ally target), an
orc sorcerer (strong, distracted, ally target), 2 orc warriors, 2 orc wizards,
an orc, the friendly Wargath the orc warrior and a friendly orc priest.

Vanquished Creatures
  Josephine (D:13)
  A radroach (shapeshifter) (D:12)
  A centaur warrior (D:13)
  2 two-headed ogres
  2 tengu warriors (D:13)
  A boulder beetle (D:13)
  A deep elf pyromancer (D:13)
  4 manticores
  An ugly thing (D:12)
  A cyclops (D:12)
  An elephant (D:8)
  Maggie (D:7)
  A gargoyle (D:13)
  2 kobold demonologists (D:12)
  A komodo dragon (D:12)
  3 trolls
  3 slime creatures
  A yak (shapeshifter) (D:13)
  4 wraiths
  14 yaks
  3 wyverns
  2 shadows
  A vampire (D:10)
  A steam dragon (D:8)
  2 humans (D:10)
  A basilisk (D:8)
  3 vampire mosquitoes (D:12)
  2 wargs (D:10)
  An acid dragon (D:10)
  A water moccasin (D:5)
  An ice beast (D:6)
  2 sky beasts (D:7)
  2 orc warriors
  3 ogres
  3 centaurs
  2 phantoms
  A kobold brigand (D:9)
  4 bullfrogs
  A gnoll sergeant (D:12)
  6 scorpions
  8 wights
  13 killer bees
  6 howler monkeys
  7 hounds
  2 jellies
  6 orc priests
  An iron imp (D:8)
  6 iguanas
  Ijyb (D:4)
  17 orc wizards
  2 sleepcaps (D:7)
  3 gnolls (D:12)
  12 adders
  2 shadow imps
  A white imp (D:5)
  An ufetubus (D:5)
  2 worms
  A dart slug (D:1)
  41 orcs
  7 bats
  10 endoplasms
  9 giant cockroaches
  8 goblins
  9 hobgoblins
  4 jackals (D:1)
  9 quokkas
  8 ball pythons
  5 frilled lizards
  14 kobolds
  7 rats
  A spectral hobgoblin (D:2)
311 creatures vanquished.

Vanquished Creatures (collateral kills)
  An ogre (Orc:1)
  An orc priest (Orc:1)
  3 orcs (Orc:1)
5 creatures vanquished.

Vanquished Creatures (others)
  2 orc warriors (Orc:1)
  6 orcs
8 creatures vanquished.

Grand Total: 324 creatures vanquished

Notes
Turn   | Place    | Note
-------+----------+-------------------------------------------
     0 | D:1      | jtron the Hill Orc Fighter began the quest for the Orb.
     0 | D:1      | Reached XP level 1. HP: 19/19 MP: 1/1
   113 | D:1      | Reached XP level 2. HP: 18/27 MP: 2/2
   220 | D:1      | Reached skill level 3 in Axes
   357 | D:1      | Reached XP level 3. HP: 32/33 MP: 3/3
   685 | D:2      | Found a faded altar of an unknown god.
   705 | D:2      | Found Dygygos's Distillery.
   712 | D:2      | Bought a potion of heal wounds for 55 gold pieces
   717 | D:2      | Reached skill level 4 in Axes
   864 | D:2      | Reached XP level 4. HP: 10/40 MP: 4/4
  1108 | D:2      | Found Barghib's Book Boutique.
  1400 | D:2      | Found Oceat's Assorted Antiques.
  1570 | D:3      | Found a stormy altar of Qazlal.
  1793 | D:3      | You fall into a shaft and drop 1 floor!
  1819 | D:4      | Reached skill level 5 in Axes
  1849 | D:4      | Noticed a phantom
  1855 | D:4      | Noticed a scorpion
  1864 | D:4      | Killed a scorpion
  1865 | D:4      | Reached XP level 5. HP: 24/46 MP: 5/5
  1869 | D:4      | Killed a phantom
  1870 | D:4      | Reached skill level 6 in Axes
  1870 | D:4      | Reached XP level 6. HP: 48/53 MP: 6/6
  1971 | D:4      | Found a glowing golden altar of the Shining One.
  2308 | D:3      | Reached skill level 7 in Axes
  2814 | D:4      | Found Hyorimm's General Store.
  2880 | D:4      | Found an opulent altar of Gozag.
  3034 | D:4      | Reached skill level 1 in Dodging
  3034 | D:4      | Reached XP level 7. HP: 51/60 MP: 7/7
  3102 | D:4      | Reached skill level 8 in Axes
  3290 | D:4      | Found a white marble altar of Elyvilon.
  3291 | D:4      | Found a bloodstained altar of Trog.
  3292 | D:4      | Found a burning altar of Makhleb.
  3292 | D:4      | Noticed Ijyb
  3297 | D:4      | Killed Ijyb
  3301 | D:4      | Found a hazy altar of Hepliaklqana.
  3692 | D:5      | Entered Level 5 of the Dungeon
  3815 | D:5      | Reached skill level 5 in Fighting
  3815 | D:5      | Reached skill level 9 in Axes
  3845 | D:5      | Reached XP level 8. HP: 61/68 MP: 8/8
  3876 | D:5      | Identified the ring of Sog Kiggixta {rCorr Str+4 Slay+5
                  | SInv Stlth-}
  3918 | D:5      | Reached skill level 5 in Armour
  4375 | D:5      | Reached skill level 10 in Axes
  4539 | D:6      | Found Aheimit's Jewellery Boutique.
  4604 | D:6      | Reached skill level 11 in Axes
  4779 | D:6      | Found Wulenk's Armour Shop.
  4972 | D:7      | Found a staircase to the Ecumenical Temple.
  5006 | D:7      | Reached XP level 9. HP: 67/75 MP: 9/9
  5137 | D:7      | Reached skill level 1 in Evocations
  5198 | D:7      | Reached skill level 12 in Axes
  5258 | D:7      | Reached skill level 1 in Throwing
  5276 | Temple   | Entered the Ecumenical Temple
  5447 | D:7      | Became a worshipper of Beogh the Brigand
  5750 | D:7      | Noticed Maggie
  5763 | D:7      | Killed Maggie
  6131 | D:8      | Reached skill level 13 in Axes
  6503 | D:8      | Found a staircase to the Lair.
  6503 | D:8      | Noticed an elephant
  6660 | D:8      | Reached skill level 1 in Stealth
  6779 | D:8      | Killed an elephant
  6780 | D:8      | Reached skill level 14 in Axes
  6780 | D:8      | Reached XP level 10. HP: 57/86 MP: 10/10
  6784 | D:8      | Found a snail-covered altar of Cheibriados.
  6956 | D:8      | Found a blossoming altar of Fedhas.
  7110 | D:8      | Reached * piety under Beogh
  7557 | D:9      | Reached skill level 1 in Ranged Weapons
  7988 | D:9      | Reached skill level 15 in Axes
  8325 | D:10     | Entered Level 10 of the Dungeon
  8517 | D:10     | Reached skill level 5 in Shields
  8614 | D:10     | Found a flagged portal.
  8631 | Bailey   | Entered a bailey
  8751 | D:10     | Found an iron altar of Okawaru.
  9042 | D:10     | Reached ** piety under Beogh
  9123 | D:10     | Found a shimmering altar of Xom.
  9125 | D:10     | Found a shimmering altar of Xom.
  9129 | D:10     | Reached XP level 11. HP: 91/97 MP: 11/11
  9144 | D:10     | Found a shimmering altar of Xom.
  9146 | D:10     | Found a shimmering altar of Xom.
  9146 | D:10     | Found a shimmering altar of Xom.
  9260 | D:10     | Found a staircase to the Orcish Mines.
  9303 | D:10     | Reached skill level 16 in Axes
  9464 | D:10     | Found a radiant altar of Vehumet.
  9470 | D:10     | Found an ancient bone altar of Kikubaaqudgha.
  9481 | D:10     | Found a shimmering blue altar of Sif Muna.
  9674 | D:10     | Noticed a two-headed ogre
  9682 | D:10     | Killed a two-headed ogre
  9683 | D:10     | Reached skill level 10 in Fighting
  9689 | D:10     | Found a runed translucent door.
  9762 | D:10     | Noticed sheffield53's ghost (journeyman SpHu)
 10421 | D:11     | Reached skill level 1 in Invocations
 11251 | D:12     | Noticed a two-headed ogre
 11259 | D:12     | Killed a two-headed ogre
 11259 | D:12     | Reached *** piety under Beogh
 11397 | D:12     | Noticed a cyclops
 11406 | D:12     | Killed a cyclops
 11608 | D:12     | Noticed a manticore
 11612 | D:12     | Killed a manticore
 12014 | D:12     | Identified a scroll of acquirement
 12014 | D:12     | Acquired the amulet "Wuusakhlit" {Reflect Int+2 SH+5}
 12133 | D:12     | Noticed a +0 dagger
 12133 | D:12     | Noticed a +0 short sword
 12134 | D:12     | Noticed a +0 spear
 12134 | D:12     | Noticed a +0 short sword
 12135 | D:12     | Noticed a +0 spear
 12135 | D:12     | Noticed a +0 dagger
 12136 | D:12     | Noticed a +0 falchion
 12136 | D:12     | Noticed a +0 falchion
 12150 | D:12     | Found a hide-covered altar of Uskayaw.
 12181 | D:12     | Noticed a brown ugly thing
 12199 | D:12     | Killed a brown ugly thing
 12200 | D:12     | Reached XP level 12. HP: 86/110 MP: 14/14
 12411 | D:12     | a wolf spider changed into a radroach
 12411 | D:12     | Noticed a radroach (shapeshifter)
 12422 | D:12     | Killed a radroach
 12773 | D:13     | Got the Opusculum on Arctic Inhalation
 13005 | D:13     | Noticed a boulder beetle
 13011 | D:13     | Noticed Josephine
 13015 | D:13     | Killed a boulder beetle
 13025 | D:13     | Killed Josephine
 13367 | D:13     | Noticed a tengu warrior
 13367 | D:13     | Noticed a tengu warrior
 13384 | D:13     | Killed a tengu warrior
 13395 | D:13     | Killed a tengu warrior
 13886 | D:13     | Noticed a centaur warrior
 13892 | D:13     | Killed a centaur warrior
 13893 | D:13     | Reached skill level 5 in Dodging
 14324 | Orc:1    | Entered Level 1 of the Orcish Mines
 14393 | Orc:1    | Found a roughly hewn altar of Beogh.
 14397 | Orc:1    | Noticed a sun demon
 14397 | Orc:1    | Noticed an orc warlord
 14398 | Orc:1    | Noticed Harold
 14402 | Orc:1    | Gained Wargath as an ally
 14406 | Orc:1    | Slain by a sun demon

Illustrated notes

Levels and vault maps discovered:
D:1:      tarquinn_simple_flora_water_c, layout_rooms, minmay_gold_behind_fungi
D:2:      layout_loops_ring, dreamdust_ecumenical_altar_drowned_temple,
          serial_shops, nicolae_shop_pleasant_corner_grove,
          nicolae_diamond_shop, shop, roderic_lattice_a
D:3:      layout_loops_corners, mainiacjoe_overflow_small_starburst
D:4:      minmay_razor_zed, layout_loops_ring, kennysheep_mini_moat,
          mainiacjoe_overflow_alcove_3, mainiacjoe_overflow_surrounded_room,
          serial_shops, nicolae_shop_tiny_waterfront,
          eino_small_chamber_without_monster, kennysheep_generic_room_11,
          uniq_ijyb
D:5:      layout_basic
D:6:      layout_basic, serial_shops, shop, nicolae_shop_peninsula
D:7:      layout_loops_ring, temple_pool_b, uniq_maggie
D:8:      layout_loops_cross, slow_altar_1, pf_just_have_faith,
          david_lair_generic
D:9:      layout_basic
D:10:     layout_loops_corners, palyth_temple_overflow_mages, xom_redecorated,
          okawaru_humans, erik_orc_4, enter_bailey_2, ebering_ghost_inner_flame
D:11:     layout_long_grid
D:12:     layout_stronghold, nicolae_uskayaw_en_pointe
D:13:     layout_long_grid, kennysheep_generic_room_5, uniq_josephine
Temple:   nicolae_temple_godpark
Orc:1:    layout_caves, mines2_david, uniq_harold

Skill      XL: |  1  2  3  4  5  6  7  8  9 10 11 12 |
---------------+-------------------------------------+-----
Axes           | 3 4 5 6 7 9 11 14 15 16 | 16.1
Fighting       | 4 5 7 9 11 12 | 12.8
Armour         | 4 5 6 7 |  7.5
Dodging        | 1 2 3 4 5 |  5.0
Shields        | 4 5 6 7 |  7.4
Evocations     | 1 2 |  2.8
Throwing       | 1 3 4 |  4.5
Stealth        | 1 2 |  2.6
Ranged Weapons | 1 |  1.0
Invocations    | 3 4 |  4.0

Action                     |  1- 3 |  4- 6 |  7- 9 | 10-12 || total
---------------------------+-------+-------+-------+-------++-------
  Melee: War axe           |   134 |   173 |   288 |   429 ||  1024
  Throw: Javelin           |       |     1 |     9 |    38 ||    48
         Dart              |       |       |       |    10 ||    10
 Invoke: Convert to Beogh  |       |       |     1 |       ||     1
         Smiting           |       |       |       |     1 ||     1
  Evoke: Wand              |       |       |     9 |    14 ||    23
    Use: Scroll            |     2 |     1 |     6 |    15 ||    24
         Potion            |       |     2 |     4 |     3 ||     9
 Armour: Scale mail        |    75 |    91 |   151 |    71 ||   388
         Steam dragon scal |       |       |       |    39 ||    39
  Dodge: Dodged            |    66 |    77 |   139 |   144 ||   426
  Block: Buckler           |    35 |    35 |    45 |    93 ||   208
         Reflection        |       |       |       |     4 ||     4
